 Dungeon Crawl Stone Soup version 0.17.1-1-g73c8601 (webtiles) character file.

1309 ImaNewbie the Cleaver (level 8, -3/58 HPs)
             Began as a Formicid Fighter on Jan 3, 2016.
             Slain by Duvessa
             ... wielding a +0 short sword
              (7 damage)
             ... on level 5 of the Dungeon.
             The game lasted 00:29:31 (5901 turns).

ImaNewbie the Cleaver (Formicid Fighter)            Turns: 5901, Time: 00:29:32

Health: -3/58      AC:  6    Str: 23    XL:     8   Next: 88%
Magic:  8/8        EV:  7    Int:  8    God:
Gold:   181        SH:  9    Dex: 10    Spells: 0 memorised, 7 levels left

rFire  + . .     SeeInvis +     a - +0 war axe
rCold  + . .     Clarity  .     q - +0 scale mail
rNeg   . . .     SustAt   .     c - +0 shield
rPois  +         Gourm    .     (helmet unavailable)
rElec  +         Spirit   .     (no cloak)
rCorr  +         Warding  .     (no gloves)
rMut   .         Stasis   +     (no boots)
MR     +....                    (no amulet)
Stlth  ..........               n - ring of protection from magic
                                i - ring of poison resistance

@: resistant, very slightly contaminated, drained, invisible, somewhat resistant
to hostile enchantments, extremely unstealthy
A: permanent stasis, dig shafts and tunnels, four strong arms, antennae 3
a: Dig, Shaft Self


You were on level 5 of the Dungeon.
You were not hungry.

You visited 2 branches of the dungeon, and saw 6 of its levels.

You collected 181 gold pieces.

Inventory:

Hand Weapons
 a - a +0 war axe (weapon)
 b - a +0 blowgun
Missiles
 r - 25 poisoned needles
Armour
 c - a +0 shield (worn)
 q - a +0 scale mail (worn)
 s - a +0 plate armour
Jewellery
 i - a ring of poison resistance (left hand)
 n - a ring of protection from magic (right hand)
Scrolls
 f - 3 scrolls of identify
 g - 2 scrolls of remove curse {unknown}
 h - 3 scrolls of recharging
Potions
 d - a potion of might
 m - a potion of cure mutation
 p - a potion of agility
 v - a potion of poison {unknown}
 w - a potion of flight {unknown}
Books
 k - a book of Cantrips

   Spells                             Type                      Level
   a - Corona                         Hexes                        1
   b - Animate Skeleton               Necromancy                   1
   c - Summon Small Mammal            Summoning                    1
   d - Apportation                    Translocation                1
Comestibles
 e - 2 bread rations
 l - a beef jerky
 t - a royal jelly
 u - 2 chunks of flesh


   Skills:
 - Level 3.2(2.8) Fighting
 + Level 10.3(9.8) Axes
 - Level 3.2(2.8) Armour
 - Level 3.6(3.2) Shields


You had 7 spell levels left.
You didn't know any spells.

Dungeon Overview and Level Annotations

Branches:
Dungeon (5/15)             Temple (1/1) D:4

Altars:
Ashenzari
Dithmenos
Gozag
Kikubaaqudgha
Makhleb
Nemelex Xobeh
Okawaru
Sif Muna
Vehumet
Xom
The Shining One

Annotations:
D:5 Duvessa, Grinder


Innate Abilities, Weirdness & Mutations

You are under a permanent stasis effect.
You can dig through walls and to a lower floor.
Your four strong arms can wield two-handed weapons with a shield.
You have a pair of large antennae on your head (SInv).


Message History

You hit Duvessa but do no damage.
Duvessa is lightly wounded.
Duvessa barely misses you. You block Duvessa's attack.
Drink which item? (? for menu, Esc to quit)
Okay, then.
Read which item? (? for menu, Esc to quit)
Okay, then.
You aren't carrying any items that can be evoked.
Drink which item? (? for menu, Esc to quit)
It was a potion of resistance.
You feel protected. Duvessa closely misses you.
Drink which item? (? for menu, Esc to quit)
It was a potion of invisibility.
You fade into invisibility!
You block Duvessa's attack. Duvessa hits you with a short sword.
* * * LOW HITPOINT WARNING * * *
You are very lightly contaminated with residual magic.
Duvessa hits you with a short sword!
You die...

####..####..#...
#.............#...
..............#...
..............#...
#...##..###'###...
##...#######.>#####
#....#.............
#....+.............
#.@..#.............
##e..##...........)
##.).##...##..##...
#....##...##..####'
#..................
#.................?
##+####...###.####.
#.....#...###.####.
#.....#.....#......


You could see Duvessa (berserk).

Vanquished Creatures
  Pikel (D:4)
  Eustachio (D:4)
  An ice beast (D:4)
  A slave (D:4)
  A gnoll sergeant (D:5)
  Dowan (D:5)
  4 orc priests
  An orc wizard (D:4)
  A giant frog skeleton (D:5)
  2 worker ants (D:4)
  An iguana (D:4)
  10 adders
  5 gnolls
  A shadow imp (D:5)
  An ooze (D:3)
  3 worms
  2 giant geckos
  17 orcs
  7 bats
  5 giant cockroaches
  12 goblins
  5 hobgoblins
  7 jackals
  15 kobolds
  A ball python (D:1)
  8 giant newts
  5 rats
119 creatures vanquished.

Vanquished Creatures (others)
  2 slaves (D:5)
  A gnoll (D:5)
3 creatures vanquished.

Grand Total: 122 creatures vanquished

Notes
Turn   | Place    | Note
--------------------------------------------------------------
     0 | D:1      | ImaNewbie the Formicid Fighter began the quest for the Orb.
     0 | D:1      | Reached XP level 1. HP: 18/18 MP: 1/1
    98 | D:1      | Reached XP level 2. HP: 18/24 MP: 2/2
   517 | D:2      | Reached XP level 3. HP: 29/29 MP: 3/3
   712 | D:2      | Reached skill level 4 in Axes
   712 | D:2      | Reached XP level 4. HP: 12/35 MP: 4/4
   937 | D:2      | Found a radiant altar of Vehumet.
  1219 | D:2      | Found a deep blue altar of Sif Muna.
  1560 | D:3      | Reached XP level 5. HP: 41/41 MP: 5/5
  1772 | D:3      | Reached skill level 5 in Axes
  2410 | D:2      | Reached XP level 6. HP: 37/47 MP: 6/6
  2754 | D:3      | Reached skill level 6 in Axes
  3073 | D:4      | Found a staircase to the Ecumenical Temple.
  3084 | Temple   | Entered the Ecumenical Temple
  3479 | D:4      | Noticed Eustachio
  3504 | D:4      | HP: 1/47 [white imp/puff of frost[Eustachio] (7)]
  3923 | D:4      | Killed Eustachio
  3923 | D:4      | Reached skill level 7 in Axes
  3923 | D:4      | Reached XP level 7. HP: 46/52 MP: 7/7
  4027 | D:4      | Noticed an ice beast
  4049 | D:4      | Killed an ice beast
  4310 | D:4      | Found a sparkling altar of Nemelex Xobeh.
  4463 | D:4      | Reached skill level 8 in Axes
  4672 | D:5      | Entered Level 5 of the Dungeon
  4706 | D:5      | Noticed Pikel
  4728 | D:4      | Killed Pikel
  4728 | D:4      | Reached skill level 9 in Axes
  4728 | D:4      | Reached XP level 8. HP: 14/58 MP: 8/8
  4984 | D:5      | Noticed Grinder
  5486 | D:5      | Reached skill level 10 in Axes
  5885 | D:5      | Noticed Duvessa
  5885 | D:5      | Noticed Dowan
  5891 | D:5      | Killed Dowan
  5901 | D:5      | Slain by Duvessa

Action                   |  1- 3 |  4- 6 |  7- 9 || total
-------------------------+-------+-------+-------++-------
Melee: War axe           |    84 |   242 |   137 ||   463
 Abil: Dig               |       |     1 |       ||     1
  Use: Scroll            |       |     7 |       ||     7
       Potion            |       |       |     2 ||     2
  Eat: Chunk             |       |     9 |     3 ||    12
       Bread ration      |       |       |     1 ||     1
